 Dungeon Crawl Stone Soup version 0.30-a0-305-g026cb31310 (webtiles) character file.

Game seed: 7290866327260571563

120477 pyrow613 the Warrior (level 16, 159/159 HPs)
             Began as a Green Draconian Abyssal Knight on Aug 15, 2022.
             Was the Champion of Lugonu.
             Got out of the dungeon alive.
             The game lasted 02:34:50 (41040 turns).

pyrow613 the Warrior (DrAK)                        Turns: 41040, Time: 02:34:51

Health: 159/159    AC: 22    Str: 28    XL:     16   Next: 30%
Magic:  22/22      EV: 17    Int:  9    God:    Lugonu [******]
Gold:   1814       SH:  0    Dex: 13    Spells: 15/15 levels left

rFire   . . .      SeeInvis .    a - +7 lajatang of Order {silver, rMut}
rCold   . . .      Faith    .    (shield currently unavailable)
rNeg    . . .      Spirit   +    (body armour unavailable)
rPois   +          Reflect  .    k - +2 hat
rElec   +          Harm     .    j - +2 cloak
rCorr   +          Rampage  .    z - +2 pair of gloves
rMut    +          Clarity  +    F - +0 pair of boots of Cloud Cover {rElec rCorr}
Will    +....                    s - amulet of guardian spirit
Stlth   +++++.....               n - +6 ring of strength
HPRegen 0.46/turn                c - +4 ring of protection
MPRegen 0.18/turn

@: studying Air Magic
A: breathe noxious fumes, AC +9, unfitting armour, stinger 1, poison resistance,
cold-blooded, clarity, dopey 1, mutation resistance 1
a: Breathe Noxious Fumes, Renounce Religion, Depart the Abyss, Banish, Corrupt,
Enter the Abyss, Brand Weapon With Distortion


You escaped.
You worshipped Lugonu.
Lugonu was exalted by your worship.
You visited 5 branches of the dungeon, and saw 25 of its levels.
You visited the Abyss 1 time.
You also visited: Gauntlet, Ice Cave and Volcano.

You collected 2572 gold pieces.
You spent 758 gold pieces at shops.

Inventory:

Hand Weapons
 a - the +7 lajatang of Order (weapon) {silver, rMut}
   (You acquired it on level 2 of the Lair of Beasts)

   It inflicts extra damage upon those it strikes, and deals substantially
   increased damage to chaotic, mutated and magically transformed beings.
   rMut:      It protects you from mutation.
 b - a +2 vorpal sling
 H - a +2 antimagic quarterstaff
 S - a +5 demon trident
Missiles
 p - 29 poisoned darts
 y - 2 throwing nets
 Q - 5 curare-tipped darts
Armour
 j - a +2 cloak (worn)
 k - a +2 hat (worn)
 z - a +2 pair of gloves (worn)
 A - the +3 pair of seven-league boots {Rampage+∞}
   (You found it in a Gauntlet)

   Its wearer moves as far as possible in that direction when moving towards
   enemies.
 F - the +0 pair of boots of Cloud Cover (worn) {rElec rCorr}
   (You acquired it on level 1 of the Shoals)

   rElec:     It insulates you from electricity.
   rCorr:     It protects you from acid and corrosion.
Magical Staves
 T - a staff of air
Jewellery
 c - a +4 ring of protection (right hand)
 d - a ring of see invisible
 n - a +6 ring of strength (left hand)
 s - an amulet of guardian spirit (around neck)
 D - a ring of protection from cold
 G - a ring of positive energy
Wands
 g - a wand of digging (1)
 m - a wand of roots (13)
 t - a wand of paralysis (28)
 C - a wand of mindburst (28)
 L - a wand of quicksilver (6)
 N - a wand of polymorph (7)
 Y - a wand of flame (23)
Scrolls
 q - 12 scrolls of teleportation
 u - 6 scrolls of enchant armour
 w - 5 scrolls of amnesia
 x - a scroll of brand weapon
 I - 4 scrolls of fear
 J - a scroll of summoning
 K - 4 scrolls of poison
 O - 3 scrolls of identify
 R - 2 scrolls of enchant weapon
 W - 3 scrolls of butterflies
 Z - a scroll of silence
Potions
 e - a potion of haste
 f - 13 potions of curing
 h - 3 potions of heal wounds
 i - 7 potions of brilliance
 l - 6 potions of lignification
 o - 4 potions of ambrosia
 r - 2 potions of flight
 v - 6 potions of mutation
 B - 3 potions of berserk rage
 P - a potion of resistance
 X - 5 potions of might
Miscellaneous
 E - a phial of floods
 M - a tin of tremorstones (2/2)
 U - a phantom mirror


   Skills:
 * Level 18.5 Fighting
 * Level 17.0 Polearms
 - Level 11.2 Dodging
 - Level 11.8 Stealth
 - Level 8.5 Invocations


You had 15 spell levels left.
You didn't know any spells.
Your spell library contained the following spells:

 Spells                   Type           Power      Damage    Failure   Level
 Magic Dart               Conj           0%         1d3       38%         1
 Summon Small Mammal      Summ           0%         N/A       38%         1
 Call Imp                 Summ           0%         N/A       52%         2
 Call Canine Familiar     Summ           0%         N/A       77%         3
 Mephitic Cloud           Conj/Pois/Air  0%         N/A       77%         3
 Ozocubu's Armour         Ice            0%         N/A       77%         3
 Summon Guardian Golem    Hex/Summ       0%         N/A       77%         3
 Petrify                  Tmut/Erth      0%         N/A       99%         4
 Alistair's Intoxication  Tmut/Pois      0%         N/A       100%        5
 Fireball                 Conj/Fire      0%         3d3       100%        5
 Lightning Bolt           Conj/Air       0%         1d11      100%        5
 Metabolic Englaciation   Hex/Ice        0%         N/A       100%        5
 Starburst                Conj/Fire      0%         6d3       100%        6
 Statue Form              Tmut/Erth      0%         N/A       100%        6
 Ozocubu's Refrigeration  Ice            0%         4d7       100%        7
 Ignition                 Fire           0%         3d3       100%        8


Dungeon Overview and Level Annotations

Branches:
Dungeon (14/15)            Temple (0/1) D:4            Lair (4/5) D:9
 Shoals (2/4) Lair:3        Snake (3/4) Lair:2          Orc (2/2) D:9
    Elf (0/3) Orc:2        Vaults (0/5) D:14          IceCv (visited)
Volcano (visited)         Gauntlet (visited)
  Slime: Lair:4-5

Altars:
Wu Jian
Zin

Shops:
D:2 =   D:10 [   D:12 ?   Orc:1 *   Orc:2 :*[!

Portals:
Pandemonium: Orc:2

Annotations:
D:13 exclusion: downstairs
Lair:4 exclusion: 3 oklob plants


Innate Abilities, Weirdness & Mutations

You can breathe blasts of noxious fumes.
Your lurid green scales are hard. (AC +9)
You cannot fit into any form of body armour.
Your tail ends in a venomous barb.
Your system is resistant to poisons. (rPois)
You are cold-blooded and may be slowed by cold attacks.
You possess an exceptional clarity of mind.
You are dopey. (Int -2)
You are somewhat resistant to further mutation.


Message History

There is an open door here.
There is a stone staircase leading up here.
You climb upwards.
There is a stone staircase leading down here.
There is a stone staircase leading up here.
You climb upwards.
There is a stone staircase leading down here.
There is a stone staircase leading up here.
You climb upwards.
There is a stone staircase leading down here.
There is a stone staircase leading up here.
You climb upwards.
There is a stone staircase leading down here.
There is a stone staircase leading up here.
You climb upwards.
There is a stone staircase leading down here.
There is a stone staircase leading up here.
You climb upwards.
There is a stone staircase leading down here.
There is a stone staircase leading up here.
You climb upwards.
There is a stone staircase leading down here.
There is a stone staircase leading up here.
You climb upwards.
There is a stone staircase leading down here.
You open the door.
There is an open door here.
There is a stone staircase leading up here.
You climb upwards.
There is a stone staircase leading down here.
There is a stone staircase leading up here.
You climb upwards.
There is a stone staircase leading down here.
There is a stone staircase leading up here.
You climb upwards.
There is a stone staircase leading down here.
There is an open door here.
There is a staircase leading out of the dungeon here.
Are you sure you want to leave the Dungeon?
This will make you lose the game!
You have escaped!

...........)....##
........####..#..##############
........##....................#
........##.#####+#####.######.#
###.#.####.#PPP#.#PPP#.# #.#
###.#.####.#P⌠P#.#P⌠P#.# #.#
....#.##.#.#PPP#.#PPP#.# #.#
#####.#.#^.#####.#####.#### #.#
...........'....@....'....###.###
#######....#####.#####.##.......#
##...#PPP#.#PPP#........#.#
#...#P⌠P#.#P⌠P#.#####.....
#...#PPP#.#PPP#.# ##.#.#
#...#####+#####.# #.#.#
#...............# #.#.#
########.........####### #.#..
........).######## #.###


There were no monsters in sight!

Vanquished Creatures
  Aizul (Snake:1)
  2 quicksilver oozes (IceCv)
  Azrael (Orc:2)
  A minotaur (Gauntlet)
  A green death (Gauntlet)
  A merfolk impaler (Shoals:1)
  5 hydras
  3 boulder beetles
  3 vault guards
  An alligator snapping turtle (Shoals:2)
  A merfolk avatar (Shoals:1)
  2 demonspawn (Orc:2)
  3 two-headed ogres
  4 naga warriors
  6 centaur warriors
  A satyr (Shoals:1)
  3 anacondas
  A tengu warrior (D:14)
  6 orc high priests (Orc:2)
  2 shock serpents
  2 naga sharpshooters
  A salamander mystic (Snake:1)
  4 sea snakes (Shoals:1)
  5 naga ritualists
  An orange crystal statue (IceCv)
  Pikel (D:4)
  A wizard (Gauntlet)
  5 orc knights (Orc:2)
  3 deep elf pyromancers
  7 mana vipers
  8 ugly things (D:14)
  6 fauns
  4 cyclopes
  5 manticores
  8 orc sorcerers
  A worldbinder (Gauntlet)
  16 salamanders
  Maurice (D:11)
  A rust devil (Orc:2)
  4 merfolk sirens
  A guardian serpent (Snake:3)
  4 gargoyles
  30 black mambas
  An orange demon (Orc:2)
  4 naga magi
  3 unseen horrors (D:12)
  3 cane toads
  3 komodo dragons
  3 efreet
  3 rime drakes
  A red devil (Orc:2)
  2 tengu conjurers (D:14)
  A hellwing (Orc:2)
  A polar bear (Lair:3)
  5 trolls
  A polar bear (shapeshifter) (D:13)
  8 merfolk
  3 wind drakes
  31 slime creatures
  4 snapping turtles
  A dream sheep (Lair:2)
  10 blink frogs
  Sigmund (D:5)
  3 shadows
  2 water elementals
  5 fire bats (Volcano)
  A wraith (D:11)
  A basilisk (Lair:3)
  A fire elemental (Orc:2)
  62 yaks
  2 wyverns
  A human (D:13)
  2 hogs (D:13)
  A vampire mosquito (D:14)
  4 steam dragons
  19 nagas
  3 wargs (Orc:1)
  2 two-headed ogre zombies (D:9)
  3 acid dragons
  14 water moccasins
  3 hell hounds (Orc:2)
  A floating eye (shapeshifter) (D:13)
  2 sky beasts
  28 orc warriors
  2 great orb of eyes simulacra (IceCv)
  2 black bears
  2 ice beasts
  2 boggarts (Gauntlet)
  5 ogres
  11 centaurs
  4 wolves (Lair:1)
  A phantom (D:9)
  6 slime creature simulacra (IceCv)
  4 kobold brigands
  5 bullfrogs
  A gnoll sergeant (D:5)
  3 scorpions
  A glowing shapeshifter simulacrum (IceCv)
  9 wights (D:6)
  A troll zombie (D:9)
  14 killer bees
  An electric eel (Lair:3)
  6 howler monkeys
  9 lava snakes
  3 hounds
  24 orc priests
  3 jellies
  Ijyb (D:4)
  2 gnoll boudas
  An iguana (D:4)
  5 hell rats (Lair:1)
  22 orc wizards
  5 ogre zombies (D:9)
  4 adders
  13 gnolls
  2 shadow imps
  4 white imps
  A worm (D:2)
  3 dart slugs
  79 orcs
  8 bats
  6 endoplasms
  2 giant cockroaches
  10 goblins
  8 hobgoblins
  3 jackals (D:3)
  5 quokkas
  3 ball pythons
  3 frilled lizards
  A goblin skeleton (D:9)
  4 goblin zombies (D:9)
  4 hobgoblin zombies (D:9)
  20 kobolds
  2 orc skeletons (D:9)
  14 orc zombies (D:9)
  5 rats
  A butterfly (Lair:1)
776 creatures vanquished.

Vanquished Creatures (collateral kills)
  An ogre (Orc:2)
  Crazy Yiuf (D:2)
2 creatures vanquished.

Vanquished Creatures (others)
  An orc priest (Orc:2)
  2 orcs
  A bush (Lair:3)
  20 fungi
  52 plants
  6 tentacles (Shoals:2)
82 creatures vanquished.

Grand Total: 860 creatures vanquished

Notes
Turn   | Place    | Note
-------+----------+-------------------------------------------
     0 | Abyss:1  | pyrow613 the Draconian Abyssal Knight began the quest for
                  | the Orb.
     0 | Abyss:1  | Reached XP level 1. HP: 19/19 MP: 2/2
     1 | D:1      | Escaped the Abyss
   279 | D:1      | Reached XP level 2. HP: 26/26 MP: 3/3
  1006 | D:2      | Reached XP level 3. HP: 33/33 MP: 4/4
  1042 | D:2      | Reached *** piety under Lugonu
  1082 | D:2      | Found Uthrioji's Jewellery Boutique.
  1166 | D:2      | Found a faded altar of an unknown god.
  1277 | D:2      | Found a runed translucent door.
  1278 | D:2      | Noticed Crazy Yiuf
  1345 | D:2      | Reached skill level 4 in Fighting
  1345 | D:2      | Reached XP level 4. HP: 29/40 MP: 6/6
  2052 | D:2      | Killed Crazy Yiuf
  2607 | D:3      | Noticed an ice beast
  2618 | D:3      | Killed an ice beast
  2619 | D:3      | Reached skill level 1 in Stealth
  2619 | D:3      | Reached XP level 5. HP: 47/47 MP: 7/7
  3509 | D:4      | Noticed a water moccasin
  3513 | D:4      | Killed a water moccasin
  3514 | D:4      | Reached skill level 5 in Fighting
  3514 | D:4      | Reached XP level 6. HP: 56/56 MP: 8/8
  3521 | D:4      | Noticed Ijyb
  3530 | D:4      | Killed Ijyb
  3665 | D:4      | Found a staircase to the Ecumenical Temple.
  3670 | D:4      | Your scales start taking on a lurid green colour.
  3670 | D:4      | Reached XP level 7. HP: 61/61 MP: 9/9
  3670 | D:4      | Gained mutation: Your system is resistant to poisons.
                  | (rPois) [Green Draconian growth]
  3729 | D:4      | Identified the +5 spear "Binurch" {freeze, Fragile rElec
                  | rPois SInv}
  3899 | D:4      | Reached **** piety under Lugonu
  3969 | D:4      | Noticed Pikel
  4012 | D:4      | Killed Pikel
  4013 | D:4      | Reached skill level 6 in Fighting
  4013 | D:4      | Reached skill level 5 in Polearms
  4013 | D:4      | Reached XP level 8. HP: 66/71 MP: 9/11
  4435 | D:5      | Entered Level 5 of the Dungeon
  4689 | D:5      | Found a glowing silver altar of Zin.
  4738 | D:5      | Reached skill level 7 in Fighting
  4939 | D:5      | Noticed Sigmund
  4948 | D:5      | Killed Sigmund
  4949 | D:5      | Reached skill level 5 in Invocations
  5368 | D:6      | Reached XP level 9. HP: 73/79 MP: 8/12
  5686 | D:6      | Reached skill level 8 in Fighting
  5928 | D:6      | Reached skill level 5 in Dodging
  6939 | D:7      | Gained mutation: You have large cloven feet. [potion of
                  | mutation]
  6939 | D:7      | Gained mutation: You are dopey. (Int -2) [potion of
                  | mutation]
  6940 | D:7      | Lost mutation: You have large cloven feet. [potion of
                  | mutation]
  6940 | D:7      | Lost mutation: You are dopey. (Int -2) [potion of mutation]
  6940 | D:7      | Gained mutation: You are dopey. (Int -2) [potion of
                  | mutation]
  6940 | D:7      | Gained mutation: You are somewhat resistant to further
                  | mutation. [potion of mutation]
  6940 | D:7      | Gained mutation: You possess an exceptional clarity of
                  | mind. [potion of mutation]
  7547 | D:8      | Reached skill level 5 in Stealth
  7797 | D:8      | Reached skill level 9 in Fighting
  8412 | D:8      | Reached ***** piety under Lugonu
  8454 | D:9      | Reached XP level 10. HP: 85/91 MP: 14/14
  8745 | D:9      | Found a staircase to the Lair.
  9222 | D:9      | Found a staircase to the Orcish Mines.
  9612 | D:9      | Identified the +1 robe "Dubic" {rC++}
 10216 | D:9      | Found an ornate altar of the Wu Jian Council.
 10468 | D:10     | Entered Level 10 of the Dungeon
 10652 | D:10     | Reached skill level 10 in Fighting
 10901 | D:10     | Found Diruywkuo's Antique Armour Emporium.
 10987 | D:10     | Reached XP level 11. HP: 98/101 MP: 16/16
 11485 | D:10     | Identified the +0 ring mail "Aschut" {rF+ Str+7 Int+3}
 11830 | D:11     | Reached ****** piety under Lugonu
 12052 | D:11     | Noticed Maurice
 12070 | D:11     | Killed Maurice
 12071 | D:11     | Reached skill level 11 in Fighting
 12155 | D:11     | Noticed a four-headed hydra
 12167 | D:11     | Killed a four-headed hydra
 12168 | D:11     | Reached skill level 10 in Polearms
 12314 | D:11     | Noticed a boulder beetle
 12434 | D:11     | Killed a boulder beetle
 12838 | Lair:1   | Entered Level 1 of the Lair of Beasts
 13338 | Lair:1   | Upgraded the game from 0.29-a0-1043-g569b05d6ff to
                  | 0.29-a0-1047-g7c58e119a4
 13692 | Lair:1   | You fall into a shaft and drop 1 floor!
 13698 | Lair:2   | Identified a scroll of acquirement
 13698 | Lair:2   | Acquired the +7 lajatang of Order {silver, rMut}
 13698 | Lair:2   | Found the +7 lajatang of Order {silver, rMut}
 13706 | Lair:2   | Found a staircase to the Snake Pit.
 13962 | Lair:2   | Noticed a boulder beetle
 13974 | Lair:2   | Killed a boulder beetle
 14017 | Lair:2   | Found a gate leading to a gauntlet.
 14027 | Gauntlet | Entered a Gauntlet
 14027 | Gauntlet | Noticed a wizard
 14027 | Gauntlet | Found a transporter.
 14027 | Gauntlet | Found a transporter.
 14027 | Gauntlet | Found a transporter.
 14028 | Gauntlet | Found a transporter.
 14030 | Gauntlet | Noticed a catoblepas
 14031 | Gauntlet | Found a transporter.
 14032 | Gauntlet | Found a transporter.
 14078 | Gauntlet | Found a transporter.
 14078 | Gauntlet | Found the +3 pair of seven-league boots {Rampage+∞}
 14081 | Gauntlet | Found a transporter.
 14083 | Gauntlet | Noticed a green death
 14091 | Gauntlet | Found a transporter.
 14107 | Gauntlet | Noticed a wolf spider
 14109 | Gauntlet | Found a runed translucent door.
 14110 | Gauntlet | Found a transporter.
 14111 | Gauntlet | Found a runed translucent door.
 14113 | Gauntlet | Noticed an entropy weaver
 14124 | Gauntlet | Found a transporter.
 14127 | Gauntlet | Found a transporter.
 14278 | Gauntlet | Killed a wizard
 14279 | Gauntlet | Reached skill level 12 in Fighting
 14279 | Gauntlet | Reached XP level 12. HP: 112/112 MP: 18/18
 14317 | Gauntlet | Noticed a merfolk aquamancer
 14448 | Gauntlet | Killed a green death
 14601 | Gauntlet | Noticed a minotaur
 14620 | Gauntlet | Killed a minotaur
 14782 | Gauntlet | Found the +2 Maxwell's thermic engine {flame, freeze}
 14787 | Gauntlet | Identified the +7 chain mail of Inaction {Drain rF+ Regen+
                  | Int+2}
 14943 | Orc:1    | Entered Level 1 of the Orcish Mines
 14943 | Orc:1    | Found Hoqaulo's General Store.
 14952 | Orc:1    | Bought a scroll of identify for 36 gold pieces
 14976 | Orc:1    | Noticed a two-headed ogre
 14982 | Orc:1    | Killed a two-headed ogre
 15459 | Orc:2    | Entered Level 2 of the Orcish Mines
 15459 | Orc:2    | Found a staircase to the Elven Halls.
 16538 | Orc:2    | Found Pydute's Distillery.
 16584 | Orc:2    | Reached skill level 13 in Fighting
 16616 | Orc:2    | Found Enamy's General Store.
 16670 | Orc:2    | Noticed a two-headed ogre
 16689 | Orc:2    | Bought a scroll of identify for 34 gold pieces
 16689 | Orc:2    | Bought a scroll of blinking for 127 gold pieces
 16689 | Orc:2    | Bought a scroll of teleportation for 51 gold pieces
 16691 | Orc:2    | Bought a potion of haste for 100 gold pieces
 16691 | Orc:2    | Bought a potion of heal wounds for 50 gold pieces
 16733 | Orc:2    | Noticed an orc high priest
 16768 | Orc:2    | Noticed an orc high priest
 16829 | Orc:2    | Killed an orc high priest
 16835 | Orc:2    | Killed an orc high priest
 17227 | Orc:2    | Noticed an orc high priest
 17227 | Orc:2    | Noticed an orc high priest
 17227 | Orc:2    | Noticed a demonspawn
 17231 | Orc:2    | Noticed an orc high priest
 17232 | Orc:2    | Killed an orc high priest
 17237 | Orc:2    | Noticed an orc high priest
 17541 | Orc:2    | Paralysed by an orc sorcerer for 2 turns
 17553 | Orc:2    | Reached XP level 13. HP: 75/122 MP: 12/19
 17889 | Orc:2    | Found Fuff's Book Shoppe.
 17889 | Orc:2    | Found Mealops's Antique Armour Emporium.
 17889 | Orc:2    | Found a one-way gate leading to the halls of Pandemonium.
 17897 | Orc:2    | Reached skill level 14 in Fighting
 18128 | Orc:2    | Noticed Azrael
 18141 | Orc:2    | Killed Azrael
 19901 | Lair:2   | Got the Encyclopedia of Noxious Blows and Bruises
 20496 | Lair:3   | Found a staircase to the Shoals.
 21519 | Lair:4   | Reached skill level 15 in Fighting
 21548 | Lair:4   | Found a dark tunnel.
 21557 | Volcano  | Entered a volcano
 21868 | Volcano  | Found a burning altar of Makhleb.
 21883 | Volcano  | Noticed a red draconian
 22533 | Lair:4   | Gained mutation: Your tail ends in a venomous barb. [Green
                  | Draconian growth]
 22533 | Lair:4   | Reached XP level 14. HP: 135/135 MP: 20/20
 24011 | D:11     | Upgraded the game from 0.29-a0-1047-g7c58e119a4 to
                  | 0.29-a0-1052-g6990b1bffc
 24439 | D:12     | Found Detoer Qio's Magic Scroll Emporium.
 24452 | D:12     | Bought 3 scrolls of enchant armour for 270 gold pieces
 24452 | D:12     | Bought a scroll of enchant armour for 90 gold pieces
 25342 | D:12     | Reached skill level 10 in Stealth
 26891 | D:13     | Reached skill level 16 in Fighting
 27437 | D:14     | Found a gate to the Vaults.
 28005 | Shoals:1 | Entered Level 1 of the Shoals
 28014 | Shoals:1 | Reached skill level 10 in Dodging
 28021 | Shoals:1 | Acquired the +0 pair of boots of Cloud Cover {rElec rCorr}
 28373 | Shoals:1 | Reached skill level 15 in Polearms
 29774 | Shoals:2 | Reached XP level 15. HP: 138/145 MP: 19/21
 30032 | Shoals:2 | Identified the +10 spear of Sorph {flame, rElec rN+ Will-}
 31316 | Shoals:2 | Noticed a kraken
 31987 | Snake:1  | Entered Level 1 of the Snake Pit
 32677 | Snake:1  | Reached skill level 17 in Fighting
 32804 | Snake:1  | You fall into a shaft and drop 1 floor!
 32845 | Snake:1  | Noticed Aizul
 34170 | Snake:1  | Killed Aizul
 35508 | Snake:1  | Upgraded the game from 0.29-a0-1052-g6990b1bffc to
                  | 0.29-a0-1065-g47a6bb87d6
 37088 | Snake:3  | Found a frozen archway.
 37092 | IceCv    | Entered an ice cave
 37096 | IceCv    | Upgraded the game from 0.29-a0-1065-g47a6bb87d6 to
                  | 0.30-a0-6-g7c9e10e132
 37096 | IceCv    | Upgraded the game from 0.30-a0-6-g7c9e10e132 to
                  | 0.30-a0-29-g142975f185
 37731 | IceCv    | Noticed an azure jelly
 38188 | Snake:3  | Reached skill level 18 in Fighting
 38606 | Snake:3  | Reached XP level 16. HP: 104/157 MP: 15/22
 40784 | D:14     | Upgraded the game from 0.30-a0-29-g142975f185 to
                  | 0.30-a0-210-g01b79a254e
 40784 | D:14     | Upgraded the game from 0.30-a0-210-g01b79a254e to
                  | 0.30-a0-305-g026cb31310
 41040 | D:$      | Got out of the dungeon alive.

Illustrated notes

Levels and vault maps discovered:
D:1:      beargit_arrival_greenhouse, layout_loops_ring, nrook_mini_backslash,
          minmay_misc_feat_tower, minmay_tetromino_s4
D:2:      layout_basic, serial_shops, shop_statue, basic_ecumenical_altar,
          uniq_crazy_yiuf_cottage
D:3:      layout_loops_ring, serial_rivers, chequers_serial_rivers_micro_e,
          chequers_serial_rivers_marsh, chequers_serial_rivers_micro_c,
          chequers_serial_rivers_small_a, chequers_serial_rivers_room_b,
          guppyfry_early_orc_mine
D:4:      layout_gridville, minmay_temple_entry_proselytizer, uniq_pikel,
          uniq_ijyb
D:5:      layout_gridville, kennysheep_little_box, uniq_sigmund
D:6:      layout_basic
D:7:      layout_layer_cave, minmay_misc_feat_cross, serial_bayou_pond_e,
          minmay_crystal_room
D:8:      layout_gridville, hangedman_decor_diamond_cutter,
          nicolae_concentric_dashed_squares_wild
D:9:      layout_loops_corners, mainiacjoe_overflow_brackets, lair_entry_dummy,
          zombieorc2_lemuel, special_room [special_room_orc],
          kennysheep_cluttered_room, hangedman_abyss_or_decor_stagger,
          nicolae_two_hexagons, ebering_dispersal_statue_hall
D:10:     layout_stronghold, serial_shops, shop_statue,
          kennysheep_generic_room_3
D:11:     layout_gridville, uniq_maurice
D:12:     layout_irregular_city, serial_shops, shop
D:13:     layout_stronghold, grunt_livestock
D:14:     layout_grid_maze, lightli_vaults_fourway_checkpoint,
          corexii_leaking_fountain
Lair:1:   layout_cave_pods, chequers_serial_rivers_micro_e, lemuel_fruit_fields,
          serial_bayou_shore_a
Lair:2:   layout_layer_cave, minmay_snake_entry_guardpost_small,
          gauntlet_entry_generic, st_stairs_7, dreamdust_gnoll_shepherd
Lair:3:   layout_gridlike, elwin_shoals_entry_rocks,
          infiniplex_staircase_pool_2, serial_bayou_shore_b
Lair:4:   dpeg_oklob_gauntlet, layout_cave_pods,
          lightli_volcano_entry_magma_tube
Shoals:1: cheibrodos_shoals_oceanic_diplomacy, layout_shoals
Shoals:2: layout_shoals, nicolae_shoals_spring_well_temple
Snake:1:  layout_concentric_octagons, nicolae_snake_salamander_zone,
          lemuel_fruit_tree, uniq_aizul
Snake:2:  layout_layer_cave
Snake:3:  layout_cave_shapes, gammafunk_ghost_abyssal_escape,
          portal_ice_cave_entry_pillars_three, nicolae_triple_integral
Orc:1:    layout_caves, serial_shops, shop
Orc:2:    pf_orc_diabolical, layout_caves, basic_altar, mines1_david,
          uniq_azrael

Skill      XL: |  1  2  3  4  5  6  7  8  9 10 11 12 13 14 15 16 |
---------------+-------------------------------------------------+-----
Fighting       | 4 5 6 7 9 10 12 13 15 16 18 | 18.5
Polearms       | 3 4 5 6 8 9 10 12 13 15 16 17 | 17.0
Stealth        | 1 2 3 4 5 6 7 8 9 10 11 | 11.8
Invocations    | 3 4 5 6 7 8 |  8.5
Dodging        | 3 4 5 6 7 8 9 10 11 | 11.2

Action                   |  1- 3 |  4- 6 |  7- 9 | 10-12 | 13-15 | 16-18 || total
-------------------------+-------+-------+-------+-------+-------+-------++-------
Melee: Spear             |    95 |     7 |       |       |       |       ||   102
       Tailslap          |     9 |     9 |    37 |   135 |   203 |    24 ||   417
       Trident           |       |    77 |   308 |   535 |       |       ||   920
       Quarterstaff      |       |     2 |       |       |       |       ||     2
       Punch             |       |       |     1 |     5 |       |       ||     6
       Lajatang          |       |       |       |   258 |  1127 |   138 ||  1523
 Fire: Sling             |    39 |    12 |    56 |    99 |   216 |    22 ||   444
Throw: Dart              |       |     5 |     1 |       |       |       ||     6
Invok: No ability        |       |       |       |     1 |     3 |       ||     4
 Abil: Breathe Noxious F |       |       |    10 |    37 |    41 |       ||    88
Evoke: Wand              |       |       |       |     5 |     1 |       ||     6
       Tin of tremorston |       |       |       |     1 |     2 |       ||     3
       Phial of floods   |       |       |       |       |     1 |       ||     1
       Phantom mirror    |       |       |       |       |     1 |       ||     1
  Use: Scroll            |     1 |    10 |     4 |    13 |    11 |       ||    39
       Potion            |       |       |     2 |     6 |     6 |       ||    14
 Stab: Sleeping          |     2 |     2 |     5 |     3 |    16 |     1 ||    29
       Confused          |       |       |     8 |    27 |    28 |       ||    63
Armor: Skin              |    23 |    33 |    95 |   237 |   468 |    94 ||   950
Dodge: Dodged            |    40 |    35 |   154 |   473 |  1063 |   141 ||  1906

Table legend: (Time is in decaauts)
 A = Elapsed time spent in this place.
 B = Non-inter-level travel time spent in this place.
 C = Inter-level travel time spent in this place.
 D = Time resting spent in this place.
 E = Time spent auto-exploring this place.
 F = Levels seen in this place.
 G = Mean time per level.
                   A        B        C        D        E       F      G
               +--------+--------+--------+--------+--------+-----+--------+
         Total |  41032 |  39273 |   1759 |  12194 |  19818 |  29 | 1414.9 |
       Dungeon |  18626 |  17580 |   1046 |   3555 |  11141 |  14 | 1330.4 |
          Lair |   6039 |   5603 |    436 |   1619 |   3057 |   4 | 1509.8 |
        Shoals |   4024 |   3950 |     74 |   1932 |   1422 |   2 | 2012.0 |
     Snake Pit |   6488 |   6404 |     84 |   3358 |   2143 |   3 | 2162.7 |
  Orcish Mines |   3990 |   3872 |    118 |   1122 |   1645 |   2 | 1995.0 |
         Abyss |      1 |      1 |      0 |      0 |      0 |   1 |    1.0 |
      Ice Cave |    703 |    703 |      0 |     19 |    312 |   1 |  703.0 |
       Volcano |    330 |    330 |      0 |    126 |     35 |   1 |  330.0 |
      Gauntlet |    827 |    827 |      0 |    462 |     62 |   1 |  827.0 |
               +--------+--------+--------+--------+--------+-----+--------+

Top non-repeatable levels by time:
   Orc:2: 3286 daAuts
 Snake:1: 3236 daAuts
Shoals:1: 2866 daAuts
     D:9: 2180 daAuts
 Snake:2: 2179 daAuts
  Lair:4: 2107 daAuts
    D:13: 1904 daAuts
    D:14: 1674 daAuts
     D:2: 1584 daAuts
  Lair:1: 1555 daAuts
    D:12: 1465 daAuts
    D:10: 1438 daAuts
    D:11: 1379 daAuts
     D:7: 1238 daAuts
     D:4: 1230 daAuts
